 Dungeon Crawl Stone Soup version 0.21-a0-125-gb006224 (webtiles) character file.

88 Zotbot the Insei (level 4, -5/35 HPs)
             Began as a Draconian Transmuter on July 15, 2017.
             Killed by nerve-wracking pain
             ... invoked by Grinder
              (11 damage)
             ... on level 3 of the Dungeon.
             The game lasted 00:05:41 (2710 turns).

Zotbot the Insei (Draconian Transmuter)             Turns: 2710, Time: 00:05:41

Health: -5/35      AC:  6    Str: 10 (12) XL:     4   Next: 30%
Magic:  7/7        EV: 12    Int: 12 (14) God:
Gold:   84         SH:  0    Dex: 10 (12) Spells: 1/7 levels left

rFire    . . .     SeeInvis +     - Unarmed
rCold    . . .     Gourm    .   (no shield)
rNeg     . . .     Faith    .   (armour unavailable)
rPois    .         Spirit   .   (helmet restricted)
rElec    .         Reflect  .   (no cloak)
rCorr    .         Harm     .   r - +0 pair of gloves
MR       .....                  (no boots)
Stlth    +.........             (no amulet)
HPRegen  0.11/turn              (no ring)
MPRegen  0.10/turn              (no ring)

@: hasted, very quick
A: unfitting armour, claws 1, stinger 1, see invisible, high mp 1, cold-blooded,
AC +5
a: no special abilities


You were on level 3 of the Dungeon.
You were not hungry.

You visited 1 branch of the dungeon, and saw 3 of its levels.

You collected 84 gold pieces.

Inventory:

Missiles
 a - 11 arrows
Armour
 r - a +0 pair of gloves (worn)
Scrolls
 d - a scroll of identify {unknown}
 e - a scroll of enchant armour {unknown}
 i - a scroll of immolation {unknown}
 l - a scroll of magic mapping {unknown}
 o - a scroll of blinking {unknown}
Potions
 j - a potion of degeneration
 k - a potion of flight {unknown}
 m - a potion of brilliance {unknown}
 p - a potion of magic {unknown}
 s - a potion of heal wounds {unknown}
Books
 b - a book of Changes

   Spells                             Type                      Level
   a - Beastly Appendage              Transmutation                1
   b - Sticks to Snakes               Transmutation                2
   c - Spider Form                    Transmutation/Poison         3
   d - Ice Form                       Ice/Transmutation            4
   e - Blade Hands                    Transmutation                5
Comestibles
 c - 2 bread rations
 q - a meat ration


   Skills:
 - Level 1.1 Fighting
 - Level 1.7 Dodging
 + Level 4.3 Unarmed Combat
 - Level 2.0 Spellcasting
 + Level 3.4 Transmutations


You had one spell level left.
You knew the following spells:

 Your Spells              Type           Power        Failure   Level  Hunger
a - Beastly Appendage     Tmut           #.....       7%          1    ##.....
b - Sticks to Snakes      Tmut           #.......     10%         2    ###....
c - Spider Form           Tmut/Pois      #.........   38%         3    ####...


Dungeon Overview and Level Annotations

Branches:
Dungeon (3/15)

Altars:

Annotations:
D:3 Grinder


Innate Abilities, Weirdness & Mutations

Your plain brown scales are hard. (AC +5)
You cannot fit into any form of body armour.
You are cold-blooded and may be slowed by cold attacks.
You have sharp fingernails.
Your tail ends in a poisonous barb.
You have supernaturally acute eyesight. (SInv)
You have an increased reservoir of magic. (+10% MP)


Message History

You closely miss Grinder. Your headbutt misses Grinder.
Grinder is severely wounded.
Your horns disappear.
Grinder barely misses you.
You barely miss Grinder.
Your tail-slap misses Grinder.
Grinder is severely wounded.
Grinder gestures at you. Pain shoots through your body!
Unknown command.
You hit Grinder.
Grinder is almost dead.
Grinder gestures at you. Pain shoots through your body!
* * * LOW HITPOINT WARNING * * *
Unknown command.
Unknown command.
It was a potion of haste.
You feel yourself speed up. Grinder gestures at you.
Pain shoots through your body!
You die...

#......# ###......#
##..<.....# #
###.......#.# ...
.#.........#.####....
...........#.........
.#.........#........
###...#......##.####
..........5@.......
#................#..
..............#.#....
...#.##.......#..#...
##...................
....####.........
.... #..$#.###.
...............
#...........##..


You could see Grinder.

Vanquished Creatures
  4 adders (D:2)
  2 worms
  A dart slug (D:2)
  2 leopard geckos
  2 giant cockroaches
  6 goblins
  11 hobgoblins
  3 kobolds (D:2)
  A ball python (D:2)
  4 bats
  4 frilled lizards (D:1)
  4 rats
44 creatures vanquished.

Notes
Turn   | Place    | Note
-------+----------+-------------------------------------------
     0 | D:1      | Zotbot the Draconian Transmuter began the quest for the Orb.
     0 | D:1      | Reached XP level 1. HP: 16/16 MP: 3/3
   452 | D:1      | Reached XP level 2. HP: 12/23 MP: 5/5
   992 | D:2      | Learned a level 2 spell: Sticks to Snakes
  1138 | D:2      | Reached XP level 3. HP: 26/28 MP: 4/6
  1841 | D:2      | Reached skill level 4 in Unarmed Combat
  1866 | D:2      | Reached XP level 4. HP: 13/35 MP: 5/7
  2322 | D:3      | Noticed Grinder
  2347 | D:2      | Learned a level 3 spell: Spider Form
  2367 | D:3      | Paralysed by Grinder for 7 turns
  2375 | D:3      | Gained mutation: You have sharp fingernails. [potion of mutation]
  2375 | D:3      | Gained mutation: Your tail ends in a poisonous barb. [potion of mutation]
  2375 | D:3      | Gained mutation: You have supernaturally acute eyesight. (SInv) [potion of mutation]
  2375 | D:3      | Gained mutation: You have an increased reservoir of magic. (+10% MP) [potion of mutation]
  2710 | D:3      | Killed from afar by Grinder

Vault maps used:
D:1:      minmay_arrival_three_doors, minmay_unequal
D:2:      hex_large
D:3:      uniq_grinder

Skill      XL: |  1  2  3 |
---------------+----------+-----
Transmutations | 3 |  3.4
Unarmed Combat | 4 |  4.3
Fighting       | |  1.1
Dodging        | |  1.7
Spellcasting   | |  2.0

Action                   |  1- 3 |  4- 6 || total
-------------------------+-------+-------++-------
Melee: Unarmed           |   126 |    44 ||   170
       Headbutt          |     8 |     3 ||    11
       Kick              |     2 |     3 ||     5
       Punch             |     1 |       ||     1
       Tailslap          |     7 |     3 ||    10
 Cast: Beastly Appendage |    22 |     5 ||    27
       Spider Form       |       |     1 ||     1
       Sticks to Snakes  |       |     1 ||     1
  Use: Potion            |       |     4 ||     4
  Eat: Chunk             |     4 |     2 ||     6
       Royal jelly       |       |     1 ||     1
Armor: Skin              |    43 |    18 ||    61
Dodge: Dodged            |    83 |    16 ||    99
